 Dungeon Crawl Stone Soup version 0.30-a0-364-gf6b3ef1049 (webtiles) character file.

Game seed: 15438198506865697191

48 jlumianski the Trooper (level 3, -3/29 HPs)
             Began as a Demonspawn Fighter on Nov 15, 2022.
             Slain by a bullfrog (5 damage)
             ... on level 2 of the Dungeon.
             The game lasted 00:07:11 (1382 turns).

jlumianski the Trooper (Demonspawn Fighter)         Turns: 1382, Time: 00:07:12

Health: -3/29      AC:  7    Str: 18    XL:     3   Next: 50%
Magic:  3/3        EV:  9    Int:  9    God:
Gold:   114        SH:  4    Dex: 12    Spells: 2/2 levels left

rFire   + . .      SeeInvis .    a - +0 war axe
rCold   . . .      Faith    .    c - +0 buckler
rNeg    . . .      Spirit   .    b - +0 scale mail
rPois   .          Reflect  .    (no helmet)
rElec   .          Harm     .    k - +0 cloak
rCorr   .          Rampage  .    (no gloves)
Will    +....                    (no boots)
Stlth   ..........               (no amulet)
HPRegen 0.24/turn                h - ring of willpower
MPRegen 0.08/turn                i - ring of protection from fire

@: no status effects
A: claws 1
a: no special abilities


You were on level 2 of the Dungeon.
You visited 1 branch of the dungeon, and saw 3 of its levels.

You collected 114 gold pieces.

Inventory:

Hand Weapons
 a - a +0 war axe (weapon)
 m - a +3 hand axe of flaming
Missiles
 e - 45 stones (quivered)
 o - 4 boomerangs of dispersal
Armour
 b - a +0 scale mail (worn)
 c - a +0 buckler (worn)
 k - a +0 cloak (worn)
Jewellery
 h - a ring of willpower (left claw)
 i - a ring of protection from fire (right claw)
Scrolls
 l - a scroll of blinking {unknown}
 n - a scroll of immolation {unknown}
 p - 2 scrolls of identify {unknown}
 q - a scroll of fear {unknown}
 r - a scroll of amnesia {unknown}
Potions
 d - 2 potions of might
 f - 3 potions of curing {unknown}
 g - a potion of lignification {unknown}
 j - a potion of haste {unknown}


   Skills:
 * Level 3.3 Fighting
 + Level 2.3 Axes
 + Level 3.0 Armour
 + Level 3.2 Shields


You had 2 spell levels left.
You didn't know any spells.
Your spell library contained the following spells:

 Spells                   Type           Power      Damage    Failure   Level
 Gell's Gravitas          Tloc           0%         N/A       99%         3
 Teleport Other           Tloc           0%         N/A       99%         3
 Dispersal                Tloc           0%         N/A       100%        6


Dungeon Overview and Level Annotations

Branches:
Dungeon (3/15)

Altars:


Innate Abilities, Weirdness & Mutations

You have sharp fingernails.


Message History

A frilled lizard comes into view.
The frilled lizard hisses angrily.
A bullfrog comes into view.
The bullfrog gives a loud, deep croak!
The bullfrog attacks as you move away!
The bullfrog hits you but does no damage.
The bullfrog hits you.
There is a stone staircase leading up here.
The bullfrog hits you.
You climb upwards.
There is a stone staircase leading down here.
You barely miss the bullfrog. The bullfrog closely misses you.
You block the bullfrog's attack. x2
You barely miss the bullfrog.
The bullfrog hits you but does no damage.
The bullfrog hits you.
You miss the bullfrog. The bullfrog hits you. x2
You slash the bullfrog!
The bullfrog is heavily wounded.
The bullfrog closely misses you.
The bullfrog hits you but does no damage.
You closely miss the bullfrog.
The bullfrog is heavily wounded.
The bullfrog barely misses you. The bullfrog hits you.
You completely miss the bullfrog.
The bullfrog is heavily wounded.
The bullfrog hits you.
The bullfrog hits you but does no damage.
You slash the bullfrog!
The bullfrog is almost dead.
The bullfrog hits you. x2
* * * LOW HITPOINT WARNING * * *
The bullfrog hits you.
* * * LOW HITPOINT WARNING * * *
You barely miss the bullfrog.
The bullfrog is severely wounded.
The bullfrog closely misses you.
The bullfrog snags a nearby mosquito with its tongue.
The bullfrog hits you.
You die...

#.#
#..#####
###. #.#
#..######
#...
#.#####
#.......#
#.#.
#.....#
##.####.#
#.#.
#.###.#
#......#
#.#.
#.....#
#####..#
#.#.
####..#
#..# #.#.
#.F#
##..###.#.
#.@#
#.........
#..#
#........#
#..#
#...###...
#..# #####
#### #..#
#... #.##
#. #.


You could see a bullfrog.

Vanquished Creatures
  An adder (D:1)
  A dart slug (D:1)
  6 ball pythons (D:1)
  3 endoplasms
  A giant cockroach (D:2)
  4 goblins (D:1)
  A hobgoblin (D:1)
  2 jackals (D:1)
  3 quokkas
  2 bats (D:1)
  A frilled lizard (D:2)
  4 kobolds
  6 rats
35 creatures vanquished.

Notes
Turn   | Place    | Note
-------+----------+-------------------------------------------
     0 | D:1      | jlumianski the Demonspawn Fighter began the quest for the
                  | Orb.
     0 | D:1      | Reached XP level 1. HP: 18/18 MP: 1/1
   218 | D:1      | Gained mutation: You have sharp fingernails. [demonic
                  | ancestry]
   218 | D:1      | Reached XP level 2. HP: 20/24 MP: 2/2
   561 | D:1      | Reached XP level 3. HP: 23/29 MP: 3/3
  1364 | D:3      | Noticed a bullfrog
  1382 | D:2      | Slain by a bullfrog

Illustrated notes

Levels and vault maps discovered:
D:1:      wheals_arrival_shading, layout_loops_ring, minmay_pentomino_u2
D:2:      layout_loops_ring
D:3:      layout_basic, fedhas_ov_isle_minmay, uniq_robin

Skill      XL: |  1  2 |
---------------+-------+-----
Axes           | 2 |  2.3
Shields        | 3 |  3.2
Armour         | 3 |  3.0
Fighting       | |  3.3

Action                   || total
-------------------------++-------
Melee: War axe           ||    94
Armor: Scale mail        ||    48
Dodge: Dodged            ||    56
Block: Buckler           ||    28

Table legend: (Time is in decaauts)
 A = Elapsed time spent in this place.
 B = Non-inter-level travel time spent in this place.
 C = Inter-level travel time spent in this place.
 D = Time resting spent in this place.
 E = Time spent auto-exploring this place.
 F = Levels seen in this place.
 G = Mean time per level.
                   A        B        C        D        E       F      G
               +--------+--------+--------+--------+--------+-----+--------+
         Total |   1424 |   1362 |     62 |      0 |    648 |   3 |  474.7 |
       Dungeon |   1424 |   1362 |     62 |      0 |    648 |   3 |  474.7 |
               +--------+--------+--------+--------+--------+-----+--------+

Top non-repeatable levels by time:
     D:1: 996 daAuts
     D:2: 385 daAuts
     D:3: 41 daAuts
